[Event "Team 45 45 League T24"]
[Site "Internet Chess Club"]
[Date "2004.10.17"]
[Round "6"]
[White "Pilgrim"]
[Black "jantonio"]
[Result "1-0"]
[WhiteElo "1621"]
[BlackElo "1567"]
[TimeControl "2700+45"]

1. e4 d6 2. Nf3 Bg4 3. Be2 Nd7 4. h3 Bxf3 5. Bxf3 Ne5 6. Be2 c5 7. Nc3 Nf6 8.
O-O g6 9. f4 Nc6 10. d3 Bg7 11. Qe1 Nd4 12. Bd1 O-O 13. Rb1 Qa5 14. Bd2 Rac8 15.
a3 Qd8 16. f5 a6 17. fxg6 fxg6 18. Nd5 Nxd5 19. exd5 Rxf1+ 20. Qxf1 Qf8 21. c3
Qxf1+ 22. Kxf1 Rf8+ 23. Kg1 Nb5 24. Bg4 Nc7 25. c4 Bd4+ 26. Kh1 b6 27. b3 Rf2
28. Bg5 Bf6 29. Be3 Ra2 30. a4 a5 31. Rf1 Kg7 32. Rf2 Rxf2 33. Bxf2 Na6 34. g3
Nb4 35. Be2 Kf7 36. Kg2 e6 37. dxe6+ Kxe6 38. Kf3 d5 39. h4 Ke5 40. g4 h6 41. h5
g5 42. Bg3+ Kd4 43. Bc7 Nxd3 44. cxd5 Ne5+ 45. Kf2 Kxd5 46. Bxb6 c4 47. Bxa5
cxb3 48. Bc3 Nd3+ 49. Bxd3 Bxc3 50. Ke3 Kc5 51. Ke4 Kb4 52. Kf5 Kxa4 53. Kg6 Ka3
54. Kxh6 Ka2 55. Kxg5 Bd2+ 56. Kg6 b2 57. h6 Bc3 58. h7 b1=Q 59. Bxb1+ Kxb1 60.
Kf7 Bh8 61. Kg8 Bf6 62. h8=Q Bxh8 63. Kxh8 Kc2 64. g5 Kd3 65. g6 Ke4 {Black
resigns} 1-0

[Event "Team 45 45 League T24"]
[Site "Internet Chess Club"]
[Date "2004.10.22"]
[Round "6"]
[White "clarinetref"]
[Black "Smart"]
[Result "0-1"]
[WhiteElo "1429"]
[BlackElo "1570"]
[TimeControl "2700+45"]

1. Nf3 Nf6 2. c4 g6 3. b4 Bg7 4. Bb2 O-O 5. Nc3 d6 6. g3 Nbd7 7. Bg2 c5 8. b5
Nb6 9. d3 h6 10. O-O Rb8 11. a4 a5 12. e3 Be6 13. Ne2 Qd7 14. Nf4 Rfe8 15. Nxe6
Qxe6 16. Qd2 Ra8 17. Bc3 Nfd7 18. d4 Nxc4 19. Qe1 Ra7 20. Nd2 Nxd2 21. Qxd2 b6
22. d5 Bxc3 23. Qxc3 Qf6 24. Qd2 Kg7 25. e4 c4 26. Ra3 Rc7 27. Rf3 c3 28. Qc2
Qd4 29. Rd3 Qb4 30. Rc1 Rec8 31. Bh3 Qxe4 32. Bxd7 Rxd7 33. Rxc3 Qxc2 34. R1xc2
Rxc3 35. Rxc3 Kf6 36. f4 Kf5 37. Re3 Rc7 38. Kg2 Kf6 39. Re4 Rc5 40. Rd4 Kf5 41.
Kf3 Rc3+ 42. Kg2 Kg4 43. Rd2 Kf5 44. Re2 e6 45. dxe6 fxe6 46. Rd2 d5 47. Rd4
Rc2+ 48. Kh3 Rc4 49. Rd2 Rxa4 50. Rc2 Rc4 51. Rf2 Rb4 52. g4+ Kf6 53. g5+ hxg5
54. fxg5+ Kxg5 55. Kg3 Rxb5 56. h4+ Kh5 57. Re2 Rb3+ 58. Kf4 Rb4+ 59. Kg3 Rxh4
60. Rxe6 Rb4 61. Re5+ g5 62. Rxd5 a4 63. Rd8 Rb3+ 64. Kf2 a3 65. Rh8+ Kg4 66.
Rh1 Rb2+ 67. Ke3 a2 68. Ra1 Kh3 69. Kf3 g4+ 70. Kf4 g3 71. Rh1+ Kg2 72. Ra1 Kh2
{White resigns} 0-1  

08:58

[Event "Team 45 45 League T24"]
[Site "Internet Chess Club"]
[Date "2004.10.16"]
[Round "6"]
[White "rabanito"]
[Black "SeanT"]
[Result "1/2-1/2"]
[WhiteElo "1484"]
[BlackElo "1288"]
[TimeControl "2700+45"]

1. e4 e5 2. Nf3 Nc6 3. Bb5 a6 4. Ba4 b5 5. Bb3 h6 6. O-O Bc5 7. c3 d6 8. d4
Bb6 9. dxe5 Bg4 10. exd6 Ne5 11. Qd5 Nxf3+ 12. gxf3 Be6 13. d7+ Ke7 14. Qe5
Nf6 15. Rd1 Qb8 16. Bxe6 fxe6 17. b3 Qa7 18. Ba3+ Kf7 19. Qg3 Rad8 20. e5
Nd5 21. c4 bxc4 22. bxc4 Ne7 23. Nc3 Nf5 24. Qg2 Bd4 25. Rac1 Rxd7 26. Ne4
Rhd8 27. c5 Bxe5 28. Re1 a5 29. Ng5+ hxg5 30. Rxe5 Rd1+ 31. Re1 Rxe1+ 32.
Rxe1 Rd3 33. Bb2 Qxc5 34. Qxg5 g6 35. Qf6+ Ke8 36. Rxe6+ Ne7 37. Qxg6+ Kd7
38. Qxd3+ Kxe6 39. Qe3+ Qxe3 40. fxe3 c5 41. Kg2 c4 42. Bc3 Nd5 43. Bd2 a4
44. h4 c3 45. Bc1 Nb4 46. h5 Nxa2 47. Ba3 Kf7 48. e4 c2 49. e5 c1=Q 50. Bxc1
Nxc1 51. h6 a3 52. h7 Kg7 53. e6 a2 54. e7 a1=Q 55. h8=Q+ Kxh8 56. e8=Q+ Kh7
57. Qh5+ Kg7 58. Qg4+ Kf7 59. Qh5+ Kg7 60. Qg4+ {Game drawn by mutual
agreement} 1/2-1/2

[Event "Team 45 45 League T24"]
[Site "Internet Chess Club"]
[Date "2004.10.18"]
[Round "6"]
[White "flachtenai"]
[Black "hondocando"]
[Result "1/2-1/2"]
[WhiteElo "1658"]
[BlackElo "1657"]
[TimeControl "2700+45"]

1. d4 Nf6 2. Nf3 b6 3. Bf4 e6 4. h3 Bb7 5. e3 Be7 6. Bd3 d5 7. O-O Nbd7 8. c3 a5
9. Qe2 Qc8 10. Nbd2 c6 11. Ne5 Nxe5 12. Bxe5 Ba6 13. c4 O-O 14. Rfc1 Qd7 15. a3
Rac8 16. b3 Qd8 17. Nf3 Bd6 18. Qc2 h6 19. Qe2 Bxe5 20. Nxe5 Nd7 21. cxd5 Bxd3
22. Nxd3 cxd5 23. Rxc8 Qxc8 24. Rc1 Qb7 25. Qc2 Qa6 26. a4 Nf6 27. Ne5 Qb7 28.
Qc6 Qxc6 29. Rxc6 Rb8 30. Rc7 b5 31. Nc6 Rb6 32. Nxa5 bxa4 33. bxa4 Rb1+ 34. Kh2
Ra1 35. Nc6 Rxa4 36. Ne5 Ne4 37. Rxf7 Ra2 38. Re7 Nxf2 39. Rxe6 Nd1 40. Re8+ Kh7
41. Nc6 Re2 42. Kg3 Rxe3+ 43. Rxe3 Nxe3 44. Kf3 Nc2 45. Kf4 Kg6 46. Ke5 Ne1 47.
Ne7+ Kf7 48. Nxd5 Nxg2 49. Nf4 Nxf4 50. Kxf4 Ke6 51. Ke4 g6 52. d5+ Kd6 53. h4
g5 54. hxg5 hxg5 55. Kf5 Kxd5 56. Kxg5 {Game drawn because neither player has
mating material} 1/2-1/2

[Event "Team 45 45 League T24"]
[Site "Internet Chess Club"]
[Date "2004.10.19"]
[Round "6"]
[White "David-Carioca"]
[Black "klutzer"]
[Result "1-0"]
[WhiteElo "1521"]
[BlackElo "1612"]
[TimeControl "2700+45"]

1. d4 Nc6 2. c4 d5 3. Nc3 dxc4 4. e3 Bf5 5. Bxc4 Nb4 6. Qa4+ Nc6 7. Nf3 Nf6 8.
Ne5 e6 9. Bb5 Nd7 10. Bxc6 bxc6 11. Qxc6 Rc8 12. Nb5 Bd6 13. Nxd6+ cxd6 14. Qxd6
Nxe5 15. Qxe5 O-O 16. O-O Rc2 17. b3 Qh4 18. Qg3 Qf6 19. Ba3 Rfc8 20. Bc5 h6 21.
Bxa7 R8c3 22. Bb8 Re2 23. Be5 Qg6 24. Qxg6 Bxg6 25. b4 Rcc2 26. Bg3 Be4 27. a4
g5 28. b5 h5 29. h4 g4 30. b6 Bb7 31. a5 Ba6 32. Rfb1 Rb2 33. Rxb2 Rxb2 34. Be5
Kf8 35. d5 exd5 36. Bxb2 {Black resigns} 1-0

[Event "Team 45 45 League T24"]
[Site "Internet Chess Club"]
[Date "2004.10.17"]
[Round "3"]
[White "softpawn"]
[Black "f64"]
[Result "1-0"]
[WhiteElo "1644"]
[BlackElo "1530"]
[TimeControl "2700+45"]

1. e4 c5 2. Nf3 d6 3. Bd3 Bg4 4. h3 Bh5 5. c3 Nc6 6. O-O d5 7. Re1 Ne5 8. Nxe5
Bxd1 9. Bb5+ Qd7 10. Bxd7+ Kd8 11. Nxf7+ Kxd7 12. Rxd1 Nf6 13. Nxh8 e6 14. Nf7
Nxe4 15. d3 {Black resigns} 1-0

[Event "Team 45 45 League T24"]
[Site "Internet Chess Club"]
[Date "2004.10.15"]
[Round "6"]
[White "fuzzface"]
[Black "cgf"]
[Result "0-1"]
[WhiteElo "1350"]
[BlackElo "1446"]
[TimeControl "2700+45"]

1. e4 e5 2. Nf3 Nc6 3. c4 d6 4. Nc3 Bg4 5. d3 Nd4 6. Be2 Bxf3 7. Bxf3 Be7 8. Be3
c5 9. Bxd4 cxd4 10. Nd5 Qa5+ 11. b4 Qa3 12. Nc7+ Kd7 13. Nxa8 Nf6 14. h3 Rxa8
15. Bg4+ Nxg4 16. Qxg4+ Ke8 17. O-O Qxd3 18. Rac1 Qa3 19. Qd1 Qxb4 20. Qb3 Qb6
21. Ra1 Rc8 22. Qxb6 axb6 23. Rfc1 Rc5 24. Rab1 Bd8 25. Rb5 Kd7 26. Rxc5 bxc5
27. Kf1 Ba5 28. Ke2 Kc6 29. a4 g5 30. g4 Kd7 31. f3 Kc6 32. Rb1 Bb4 33. h4 h6
34. hxg5 hxg5 35. Rh1 Kb6 36. Rh7 Ka5 37. Rxf7 Kxa4 38. Rxb7 Kb3 39. Rd7 Kxc4
40. Rxd6 Kc3 41. Rd5 Kc2 42. Rd6 Ba3 43. Ra6 d3+ 44. Ke3 d2 45. Rxa3 d1=Q 46.
Ra2+ Kb3 47. Rd2 Qe1+ 48. Re2 Qg1+ 49. Kd2 c4 50. Re3+ Kb2 51. Re2 c3+ 52. Kd3+
Kb3 53. Re3 Qf1+ 54. Re2 c2 {White resigns} 0-1

[Event "Team 45 45 League T24"]
[Site "Internet Chess Club"]
[Date "2004.10.14"]
[Round "6"]
[White "Thersites"]
[Black "bigarrow"]
[Result "0-1"]
[WhiteElo "1639"]
[BlackElo "1790"]
[TimeControl "2700+45"]

1. e4 e6 2. d4 d5 3. e5 c5 4. c3 Nc6 5. Nf3 Qb6 6. Be2 cxd4 7. cxd4 Nh6 8. b3
Nf5 9. Bb2 Bb4+ 10. Kf1 O-O 11. g4 Nh6 12. h3 f6 13. exf6 Rxf6 14. g5 Rxf3 15.
gxh6 Rf4 16. Qc1 e5 17. Rg1 Bxh3+ 18. Rg2 Nxd4 19. Nc3 Nxe2 20. Kxe2 Bxg2 21.
Qg1 Bf3+ 22. Kf1 Rg4 23. Qh2 Qg6 24. hxg7 Qd3+ 25. Ke1 Qe2# {White checkmated}
0-1

[Event "Team 45 45 League T24"]
[Site "Internet Chess Club"]
[Date "2004.10.17"]
[Round "6"]
[White "john-beebs"]
[Black "MrAnderssen"]
[Result "0-1"]
[WhiteElo "1554"]
[BlackElo "1591"]
[TimeControl "2700+45"]

1. e4 c5 2. Nf3 Nc6 3. d4 cxd4 4. Nxd4 e5 5. Nxc6 bxc6 6. Nc3 Nf6 7. Bc4 Bb4 8.
Bg5 O-O 9. Qf3 Bb7 10. O-O Bxc3 11. bxc3 d5 12. exd5 cxd5 13. Bxf6 gxf6 14. Rfd1
e4 15. Qf5 Qc8 16. Qxc8 Raxc8 17. Bxd5 Bxd5 18. Rxd5 Rxc3 19. Rd7 Rfc8 20. h3
Rxc2 21. Rxa7 Re2 22. Kf1 Rcc2 23. Rd7 Rxf2+ 24. Ke1 Rxg2 25. Kd1 Rxa2 26. Rxa2
Rxa2 27. Re7 f5 28. h4 Kg7 29. Ke1 Rh2 30. Re5 Kf6 31. Re8 Rxh4 32. Kf2 Rg4 33.
Ke3 h5 34. Rb8 h4 35. Rb6+ Kg5 36. Rb8 h3 37. Rg8+ Kh4 38. Rh8+ Kg3 39. Rb8 h2
40. Rb1 Rh4 {White resigns} 0-1

[Event "Team 45 45 League T24"]
[Site "Internet Chess Club"]
[Date "2004.10.14"]
[Round "6"]
[White "dougmo"]
[Black "SpeedBlade"]
[Result "1/2-1/2"]
[WhiteElo "1585"]
[BlackElo "1478"]
[TimeControl "2700+45"]

1. e4 c6 2. d4 d5 3. e5 Bf5 4. g4 Bd7 5. Bd3 e6 6. Ne2 c5 7. c3 Qb6 8. O-O Bb5
9. Bxb5+ Qxb5 10. Na3 Qb6 11. Nc2 Nc6 12. f4 cxd4 13. Nexd4 Bc5 14. Kh1 Nge7 15.
b4 Bxd4 16. Nxd4 Nxd4 17. Qxd4 Qxd4 18. cxd4 Nc6 19. f5 O-O 20. f6 Nxd4 21. Bd2
Rfc8 22. Rfc1 gxf6 23. exf6 Kf8 24. Kg2 Rc6 25. Rxc6 bxc6 26. Rc1 Rc8 27. Kf2
Ke8 28. Be3 e5 29. Bxd4 exd4 30. Ke2 Kd7 31. Kd3 Re8 32. Kxd4 Re4+ 33. Kc5 Rxg4
34. b5 Rf4 35. bxc6+ Kc7 36. Kxd5 Rxf6 37. Rc2 Rd6+ 38. Ke5 Rxc6 39. Rxc6+ Kxc6
40. Kf6 Kd6 41. Kxf7 Ke5 42. Kg7 Kf5 43. Kxh7 Kg5 44. Kg7 Kh4 45. Kf7 Kh3 46.
Ke7 Kxh2 47. Kd7 Kg3 48. Kc7 Kf4 49. a4 Ke5 50. a5 Kd5 51. Kb7 Kc5 52. a6 Kd6
53. Kb8 Kc6 54. Kxa7 Kc7 {Game drawn by mutual agreement} 1/2-1/2

[Event "Team 45 45 League T24"]
[Site "Internet Chess Club"]
[Date "2004.10.15"]
[Round "6"]
[White "DynamoKyiv"]
[Black "Blake7"]
[Result "0-1"]
[WhiteElo "1350"]
[BlackElo "1499"]
[TimeControl "2700+45"]

1. e4 e5 2. Nf3 Nc6 3. Bb5 a6 4. Ba4 Nf6 5. O-O b5 6. Bb3 d6 7. Re1 Na5 8. c3
Nxb3 9. Qxb3 Bb7 10. d3 Be7 11. Nbd2 c5 12. d4 cxd4 13. cxd4 exd4 14. Nxd4 O-O
15. Qd3 Qa5 16. N2f3 Rfe8 17. Bd2 Qb6 18. Rac1 Rac8 19. Nf5 Bf8 20. e5 Ng4 21.
N5d4 dxe5 22. Rxc8 Bxc8 23. h3 Nf6 24. Nxe5 Bc5 25. Nef3 Bb7 26. Rxe8+ Nxe8 27.
Qe3 Nf6 28. Qf4 Bxf3 29. Nxf3 Bxf2+ 30. Kh2 Bc5 31. Bc3 Bd6 32. Be5 Be7 33. Ng5
h6 34. Nf3 Qf2 35. Bd4 Qf1 36. Qb8+ Kh7 37. Qb7 Bd6+ 38. Ne5 Qf4+ {White
resigns} 0-1

[Event "Team 45 45 League T24"]
[Site "Internet Chess Club"]
[Date "2004.10.19"]
[Round "6"]
[White "kingfischer57"]
[Black "Hoyler"]
[Result "0-1"]
[WhiteElo "1813"]
[BlackElo "1760"]
[TimeControl "2700+45"]

1. d4 d5 2. c4 c6 3. Nc3 e6 4. Nf3 dxc4 5. a4 Bb4 6. e3 b5 7. Bd2 a5 8. axb5
Bxc3 9. Bxc3 cxb5 10. b3 Bb7 11. bxc4 b4 12. Bb2 Nf6 13. Bd3 O-O 14. O-O Nbd7
15. Qc2 Qc7 16. e4 e5 17. d5 Rfe8 18. Rfc1 Nc5 19. Nxe5 Rxe5 20. Bxe5 Qxe5 21.
f3 Qd4+ 22. Kh1 Qxd3 23. Qxd3 Nxd3 24. c5 Nxc1 25. Rxc1 Rc8 26. c6 Ba8 27. Rc5
b3 28. Rxa5 Nd7 29. h3 Bxc6 30. dxc6 Rxc6 31. Ra8+ Nf8 32. Rb8 Rc3 33. Kg1 g6
34. Kf1 Kg7 35. Ke1 Nd7 36. Rb7 Ne5 37. Kd2 Rc2+ 38. Kd1 Rxg2 39. Rxb3 Rg3 40.
h4 Rxf3 {White resigns} 0-1

[Event "Team 45 45 League T24"]
[Site "Internet Chess Club"]
[Date "2004.10.15"]
[Round "6"]
[White "NESKAYA"]
[Black "alaskauk"]
[Result "1-0"]
[WhiteElo "1656"]
[BlackElo "1552"]
[TimeControl "2700+45"]

1. e4 e5 2. Nf3 Nc6 3. c3 Nf6 4. Qc2 Bc5 5. Bc4 O-O 6. O-O h6 7. b4 Be7 8. a3 a6
9. d4 d6 10. h3 Bd7 11. Be3 Qc8 12. Kh2 Nh5 13. Qe2 Nf4 14. Bxf4 exf4 15. Nbd2
Bf6 16. Nb3 b5 17. Bd3 g5 18. e5 dxe5 19. Qe4 Bf5 20. Qxf5 Qxf5 21. Bxf5 Ne7 22.
Be4 Ra7 23. Nc5 Rd8 24. dxe5 Bg7 25. Rfd1 Re8 26. Re1 Bf8 27. Nd7 Bg7 28. Nf6+
Bxf6 29. exf6 Ng6 30. g3 fxg3+ 31. fxg3 Kh8 32. Bxg6 {Black resigns} 1-0

[Event "Team 45 45 League T24"]
[Site "Internet Chess Club"]
[Date "2004.10.17"]
[Round "6"]
[White "nanning"]
[Black "bmw2002"]
[Result "0-1"]
[WhiteElo "1479"]
[BlackElo "1539"]
[TimeControl "2700+45"]

1. e4 e5 2. Bc4 Nf6 3. d3 c6 4. Nf3 d5 5. Bb3 Bb4+ 6. c3 Bd6 7. Bg5 Be6 8. O-O
Nbd7 9. Re1 h6 10. exd5 cxd5 11. Bh4 O-O 12. Ba4 Qc7 13. Nbd2 Bf5 14. Bxd7 Nxd7
15. Qb3 Qc6 16. Bg3 Nc5 17. Qd1 Nxd3 18. Nxe5 Bxe5 19. Bxe5 Nxe1 20. Qxe1 Rfe8
21. Nf3 Rad8 22. Nd4 Qg6 23. f4 f6 24. Qf2 fxe5 25. fxe5 Rxe5 26. Rf1 Bd3 27.
Qh4 Rde8 28. Rd1 Be4 29. Rd2 Rg5 30. Qh3 Rh5 31. Qd7 Rg5 32. Qh3 Rg4 33. Nf3
Bxf3 34. Qxf3 Re1+ 35. Kf2 Ree4 36. Rxd5 Ref4 {White resigns} 0-1

[Event "Team 45 45 League T24"]
[Site "Internet Chess Club"]
[Date "2004.10.17"]
[Round "6"]
[White "Kasparklunk"]
[Black "EyeAm"]
[Result "1/2-1/2"]
[WhiteElo "1464"]
[BlackElo "1268"]
[TimeControl "2700+45"]

1. e4 e5 2. Nf3 Nf6 3. Nxe5 d6 4. Nf3 Nxe4 5. Nc3 Nxc3 6. dxc3 Nc6 7. Bb5 Bd7 8.
O-O Be7 9. Re1 O-O 10. h3 a6 11. Bd3 Re8 12. Be3 Bf6 13. Qd2 Ne5 14. Nxe5 dxe5
15. Be4 c6 16. Rad1 Be6 17. a3 Qxd2 18. Rxd2 Rad8 19. Red1 Rxd2 20. Rxd2 {Game
drawn by mutual agreement} 1/2-1/2

[Event "Team 45 45 League T24"]
[Site "Internet Chess Club"]
[Date "2004.10.14"]
[Round "6"]
[White "DeepHmmm"]
[Black "ChessyStud"]
[Result "1-0"]
[WhiteElo "2228"]
[BlackElo "2136"]
[TimeControl "2700+45"]

1. d4 Nf6 2. Bg5 g6 3. Bxf6 exf6 4. e3 Bg7 5. g3 O-O 6. Bg2 f5 7. Nd2 d6 8. Ne2
c6 9. c4 Nd7 10. O-O Nf6 11. b4 Re8 12. Qc2 Qe7 13. a4 Ne4 14. Rab1 Bd7 15. a5
a6 16. Nb3 Rac8 17. Qd3 Rc7 18. Rfc1 Rec8 19. Nc3 Nxc3 20. Rxc3 Be6 21. Rcc1 Re8
22. b5 f4 23. bxa6 bxa6 24. Re1 fxg3 25. hxg3 Qg5 26. Nd2 d5 27. cxd5 cxd5 28.
Rbc1 Rec8 29. Rxc7 Rxc7 30. Qxa6 Rc2 31. Nf3 Qh5 32. Qb6 Bg4 33. Qd8+ Bf8 34.
Ne5 Qf5 35. Nxg4 Qxg4 36. Bxd5 h5 37. Qf6 Qd7 38. Qxg6+ {Black resigns} 1-0

[Event "Team 45 45 League T24"]
[Site "Internet Chess Club"]
[Date "2004.10.15"]
[Round "6"]
[White "MikkoN"]
[Black "achessman"]
[Result "0-1"]
[WhiteElo "1934"]
[BlackElo "1907"]
[TimeControl "2700+45"]

1. c4 Nf6 2. g3 g6 3. Bg2 Bg7 4. Nc3 O-O 5. e4 d6 6. Nge2 e5 7. O-O c6 8. d4
Nbd7 9. h3 Re8 10. Be3 Qe7 11. f4 exd4 12. Bxd4 Nc5 13. Bxc5 dxc5 14. e5 Nd7 15.
Ne4 f6 16. exf6 Nxf6 17. Nd6 Rd8 18. Nxc8 Raxc8 19. Qe1 Qe3+ 20. Qf2 Qxf2+ 21.
Rxf2 Rd2 22. Nc3 Rcd8 23. Na4 Rxf2 24. Kxf2 Rd2+ 25. Kf1 Nd7 26. Rb1 Bd4 27. Be4
Nf6 28. Bh1 Nh5 29. Ke1 Rh2 30. Bf3 Nxg3 31. b4 Rf2 32. Bd1 Rxa2 33. Nxc5 Bf2#
{White checkmated} 0-1

[Event "Team 45 45 League T24"]
[Site "Internet Chess Club"]
[Date "2004.10.17"]
[Round "6"]
[White "tourettes"]
[Black "Bennie90"]
[Result "0-1"]
[WhiteElo "1807"]
[BlackElo "1931"]
[TimeControl "2700+45"]

1. e4 c5 2. Nc3 Nc6 3. g3 g6 4. Bg2 Bg7 5. Nge2 d6 6. h3 Nf6 7. O-O O-O 8. d3
Rb8 9. Be3 b5 10. Qd2 b4 11. Nd1 Ne8 12. c3 a5 13. Bh6 Ba6 14. Bxg7 Nxg7 15. Ne3
Ne5 16. d4 cxd4 17. cxd4 Nc6 18. d5 Ne5 19. f4 Nd7 20. f5 Qb6 21. Kh1 Nh5 22.
Kh2 Rbc8 23. g4 Ng7 24. fxg6 hxg6 25. Rf2 Ne5 26. Nf4 g5 27. Nh5 Nxh5 28. gxh5
f6 29. Nf5 Rc7 30. b3 Rfc8 31. Qd4 Qxd4 32. Nxd4 Nd3 33. Rd2 Nf4 34. Nc6 Bb5 35.
Nd4 Bd7 36. Ne2 Rc2 37. Rxc2 Rxc2 38. Nxf4 gxf4 39. Rf1 Rxa2 40. Rxf4 Ra3 41.
Rf3 a4 42. bxa4 b3 43. Rf2 Ra2 44. Rf1 b2 45. Rb1 Bxa4 46. Bf1 Bc2 47. Bc4 Bxb1
48. Bxa2 Bxa2 {White resigns} 0-1

[Event "Team 45 45 League T24"]
[Site "Internet Chess Club"]
[Date "2004.10.16"]
[Round "6"]
[White "Mika91"]
[Black "Zilch"]
[Result "0-1"]
[WhiteElo "1880"]
[BlackElo "1839"]
[TimeControl "2700+45"]

1. c4 c6 2. g3 d5 3. Bg2 Nf6 4. Nf3 dxc4 5. Qc2 Qd5 6. Nc3 Qf5 7. e4 Qd7 8. O-O
Na6 9. e5 Nd5 10. Ne4 Nab4 11. Qxc4 b6 12. Re1 Ba6 13. Qb3 Nd3 14. Re3 Nxe3 15.
dxe3 e6 16. Nd4 Nxe5 17. f4 c5 18. Nxc5 Bxc5 19. fxe5 Bb7 20. Bxb7 Qxb7 21. Nxe6
fxe6 22. Qxe6+ Qe7 23. Qc6+ Kf7 24. Qf3+ {White resigns} 0-1

[Event "Team 45 45 League T24"]
[Site "Internet Chess Club"]
[Date "2004.10.17"]
[Round "6"]
[White "AMAV"]
[Black "Ser-Enigma"]
[Result "1-0"]
[WhiteElo "2132"]
[BlackElo "1974"]
[TimeControl "2700+45"]

1. e4 c5 2. Nc3 d6 3. g3 Nc6 4. Bg2 g6 5. d3 Bg7 6. Be3 e5 7. Nge2 Nge7 8. f4
Nd4 9. O-O O-O 10. h3 Rb8 11. g4 f5 12. gxf5 gxf5 13. Ng3 Ng6 14. Nh5 Bh6 15.
exf5 Nxf5 16. Bd2 Nfh4 17. Bd5+ Kh8 18. f5 Bxd2 19. Qxd2 Rxf5 20. Rxf5 Bxf5 21.
Rf1 Ne7 22. Qg5 Nxd5 23. Qg7# {Black checkmated} 1-0

[Event "Team 45 45 League T24"]
[Site "Internet Chess Club"]
[Date "2004.10.16"]
[Round "6"]
[White "BaroneRosso"]
[Black "nightflier"]
[Result "1-0"]
[WhiteElo "1957"]
[BlackElo "1885"]
[TimeControl "2700+45"]

1. d4 d5 2. c4 e6 3. Nf3 c5 4. cxd5 exd5 5. g3 Nc6 6. Bg2 Nf6 7. O-O Be7 8. Nc3
O-O 9. Bg5 Be6 10. Rc1 Re8 11. dxc5 d4 12. Nb5 h6 13. Bxf6 Bxf6 14. Nd6 Re7 15.
a3 Qd7 16. Ne4 Be5 17. Nxe5 Nxe5 18. Nd6 Nc6 19. b4 b6 20. b5 {Black resigns}
1-0

[Event "Team 45 45 League T24"]
[Site "Internet Chess Club"]
[Date "2004.10.16"]
[Round "6"]
[White "Irvin"]
[Black "Xaturanga"]
[Result "1-0"]
[WhiteElo "1867"]
[BlackElo "1838"]
[TimeControl "2700+45"]

1. e4 d6 2. d4 Nf6 3. Nc3 c6 4. f4 Qa5 5. Bd3 e5 6. dxe5 dxe5 7. f5 Bc5 8. a3
Na6 9. Bd2 Qc7 10. Qe2 b5 11. Nxb5 cxb5 12. Bxb5+ Kf8 13. Bxa6 Bxa6 14. Qxa6
Nxe4 15. Nh3 Nxd2 16. Kxd2 Ke7 17. Rae1 Rhd8+ 18. Kc1 Bd4 19. Nf4 Rd6 20. Qe2
Rb8 21. Nd3 f6 22. Rd1 Qb6 23. c4 Be3+ 24. Kb1 a5 25. Rhe1 Bd4 26. Rc1 Qb3 27.
Rc2 Qxa3 28. c5 Rd5 29. Qe4 Rxc5 30. Qxd4 Rxc2 31. Kxc2 Qb3+ 32. Kd2 Rd8 33. Qc3
Qd5 34. Kc2 Qxg2+ 35. Kb1 Qf3 36. Qc7+ Rd7 37. Qc5+ Ke8 38. Nxe5 Qxf5+ 39. Nd3+
{Black resigns} 1-0

[Event "Team 45 45 League T24"]
[Site "Internet Chess Club"]
[Date "2004.10.14"]
[Round "6"]
[White "zota"]
[Black "fledermaus"]
[Result "1/2-1/2"]
[WhiteElo "1931"]
[BlackElo "2037"]
[TimeControl "2700+45"]

1. e4 Nf6 2. e5 Nd5 3. d4 d6 4. Nf3 Bg4 5. Be2 e6 6. c4 Nb6 7. h3 Bh5 8. O-O Be7
9. Nc3 O-O 10. b3 a5 11. Bf4 dxe5 12. dxe5 Nc6 13. Nb5 Rc8 14. Qxd8 Rfxd8 15.
Rfd1 Kf8 16. Rxd8+ Bxd8 17. Kf1 Be7 18. Rd1 Bc5 19. Ng5 Bxe2+ 20. Kxe2 {Game
drawn by mutual agreement} 1/2-1/2

[Event "Team 45 45 League T24"]
[Site "Internet Chess Club"]
[Date "2004.10.16"]
[Round "6"]
[White "fernbap"]
[Black "Winclick"]
[Result "1-0"]
[WhiteElo "1742"]
[BlackElo "1688"]
[TimeControl "2700+45"]

1. e4 e5 2. Nf3 Nc6 3. Bb5 d6 4. d4 exd4 5. Qxd4 Bd7 6. Bxc6 bxc6 7. O-O c5 8.
Qd3 h6 9. Re1 Be7 10. e5 dxe5 11. Nxe5 Nf6 12. Qg3 Nh5 13. Qf3 Nf6 14. Nc6 Bxc6
15. Qxc6+ Nd7 16. Bf4 Rc8 17. Nc3 O-O 18. Rad1 Nb8 19. Qb7 Bd6 20. Nb5 Qf6 21.
Nxd6 Rcd8 22. Be5 Qg5 23. Qxc7 Rd7 24. Qxc5 Rfd8 25. Qe3 Qg6 26. Qe2 Nc6 27. Bg3
Re7 28. Qd3 Rxe1+ 29. Rxe1 Qxd3 30. cxd3 Nb4 31. Re8+ Rxe8 32. Nxe8 Nxd3 33. Nc7
f5 34. Bd6 Nxb2 35. Kf1 Kf7 36. Nb5 Nc4 37. Bc5 a5 38. Ke2 g6 39. Kd3 Ne5+ 40.
Kd4 Ke6 41. Nc7+ Kf6 42. Nd5+ Ke6 43. Nf4+ Kf6 44. Be7+ Kxe7 45. Kxe5 Kf7 46.
Nd5 h5 47. h4 Kg7 48. Kf4 Kf7 49. Kg5 Ke6 50. Nf4+ Ke5 51. Nxg6+ Ke4 52. f3+ Ke3
53. Kxf5 Kf2 54. Nf4 Kg3 55. Kg5 a4 56. Nxh5+ Kxg2 57. f4 {Black resigns} 1-0

[Event "Team 45 45 League T24"]
[Site "Internet Chess Club"]
[Date "2004.10.18"]
[Round "6"]
[White "bmw2002"]
[Black "PauloBarbosa"]
[Result "0-1"]
[WhiteElo "1529"]
[BlackElo "1683"]
[TimeControl "2700+45"]

1. c4 Nf6 2. g3 d5 3. cxd5 Nxd5 4. Bg2 e6 5. Nc3 c6 6. Nf3 Bb4 7. O-O O-O 8. Qb3
Bd6 9. d4 Nd7 10. e4 Nxc3 11. Qxc3 Nb6 12. Bg5 Be7 13. Bf4 Bd7 14. Rfd1 Rc8 15.
Ne5 Bf6 16. b3 Qe7 17. Qf3 g6 18. a4 Rfd8 19. Rac1 Be8 20. a5 Nd7 21. Nc4 e5 22.
Be3 exd4 23. Bxd4 Bxd4 24. Rxd4 Ne5 25. Qc3 Rxd4 26. Qxd4 Nxc4 27. Qxc4 Rd8 28.
b4 Rd2 29. Bf3 Qf6 30. Qc3 Qd6 31. e5 Qd8 32. Qc5 a6 33. Rc2 Rd4 34. Rc4 Rd3 35.
Rf4 Bd7 36. Rf6 Be6 37. Be4 Rd4 38. Qc2 Rxe4 39. Rxe6 Re1+ 40. Kg2 Qd5+ 41. f3
Qxe6 42. Qd3 Rxe5 43. Qd8+ Kg7 44. Qd4 f6 45. g4 Re2+ 46. Kg3 Qe5+ 47. Qf4 Qxf4+
48. Kxf4 Rxh2 49. Ke3 Rb2 {White resigns} 0-1

[Event "Team 45 45 League T24"]
[Site "Internet Chess Club"]
[Date "2004.10.15"]
[Round "6"]
[White "Rookmaster"]
[Black "JoshLilly"]
[Result "0-1"]
[WhiteElo "1773"]
[BlackElo "1854"]
[TimeControl "2700+45"]

1. e4 c5 2. Nf3 Nc6 3. Bb5 g6 4. O-O Bg7 5. Re1 Nf6 6. e5 Ng4 7. d4 cxd4 8. Bf4
f6 9. Bxc6 dxc6 10. exf6 Nxf6 11. Qxd4 Bf5 12. Na3 Qxd4 13. Nxd4 Nd5 14. Nxf5
gxf5 15. Nc4 Nxf4 16. Nd6+ Kf8 17. Nxf5 Bf6 18. Rad1 Rg8 19. Rd7 Rxg2+ 20. Kh1
Rxf2 21. h4 Nh5 22. Nxe7 Bxh4 23. Ng6+ hxg6 24. Ree7 {White resigns} 0-1

[Event "Team 45 45 League T24"]
[Site "Internet Chess Club"]
[Date "2004.10.17"]
[Round "6"]
[White "mitdale"]
[Black "Kingofknights"]
[Result "1-0"]
[WhiteElo "1727"]
[BlackElo "1676"]
[TimeControl "2700+45"]

1. e4 c6 2. d3 d5 3. Nd2 e5 4. Ngf3 Bd6 5. g3 Bg4 6. Bg2 Qd7 7. h3 Bh5 8. O-O f6
9. Re1 Ne7 10. c3 g5 11. Nxe5 Bxd1 12. Nxd7 Nxd7 13. Rxd1 Nc5 14. d4 Ne6 15. Re1
O-O-O 16. exd5 Ng7 17. dxc6 Nxc6 18. Ne4 Be7 19. Bd2 h6 20. g4 f5 21. gxf5 Nxf5
22. Ng3 Nxg3 23. fxg3 Bd6 24. Re3 Rhe8 25. Rae1 Rxe3 26. Bxe3 Re8 27. Bf2 Rxe1+
28. Bxe1 Ne7 29. Be4 Kc7 30. Kg2 Ng8 31. Bf3 Nf6 32. g4 b6 33. Bg3 Bxg3 34. Kxg3
Kd6 35. Kf2 Ke6 36. Ke3 Kd6 37. c4 a6 38. b4 Kc7 39. a4 Kd6 40. c5+ bxc5 41.
dxc5+ Ke5 42. b5 axb5 43. axb5 Nd7 44. c6 Nb6 45. Kd3 Nc8 46. Be4 Nb6 47. Bf5
Kd6 48. Kd4 Nd5 49. Bd3 Nf4 50. Bf1 h5 51. gxh5 Nxh5 52. Be2 Nf4 53. Bg4 Nd5 54.
Kc4 Ne3+ 55. Kb4 Nd5+ 56. Ka5 Kc7 57. Bd7 Nb6 58. Kb4 Kd6 59. Kc3 Nd5+ 60. Kd4
Nb6 61. Ke4 Nd5 62. Kf5 Ke7 63. Kxg5 Kf7 64. h4 Kg7 65. Be6 Nc7 66. Bc4 Na8 67.
h5 Nb6 68. c7 Nc8 69. h6+ Kh7 70. Bd3+ Kh8 71. Bf5 Ne7 72. c8=Q+ {Black resigns}
1-0